 Dungeon Crawl Stone Soup version 0.25.1-2-g60ff931df9 (webtiles) character file.

Game seed: 12134968414913138340

71 DildoBatman the Conjurer (level 4, -5/30 HPs)
             Began as a Formicid Wizard on Aug 27, 2020.
             Slain by a worm (11 damage)
             ... on level 2 of the Dungeon.
             The game lasted 00:04:22 (1765 turns).

DildoBatman the Conjurer (Formicid Wizard)          Turns: 1765, Time: 00:04:22

Health: -5/30      AC:  2    Str: 12    XL:     4   Next: 47%
Magic:  8/8        EV: 12    Int: 18    God:
Gold:   89         SH:  0    Dex:  9    Spells: 2/9 levels left

rFire    . . .     SeeInvis +   a - +1 short sword (venom)
rCold    . . .     Gourm    .   (no shield)
rNeg     . . .     Faith    .   n - +0 robe
rPois    .         Spirit   .   (helmet unavailable)
rElec    .         Reflect  .   (no cloak)
rCorr    .         Harm     .   (no gloves)
MR       .....                  (no boots)
Stlth    +++.......             (no amulet)
HPRegen  0.10/turn              k - ring of stealth
MPRegen  0.11/turn              (no ring)

@: no status effects
A: permanent stasis, dig shafts and tunnels, four strong arms, antennae 3
a: Dig, Shaft Self


You were on level 2 of the Dungeon.
You were not hungry.

You visited 1 branch of the dungeon, and saw 2 of its levels.

You collected 89 gold pieces.

Inventory:

Hand Weapons
 a - a +1 short sword of venom (weapon)
 b - a +2 short sword of protection
 c - a +1 antimagic short sword
 d - a +0 short sword
Missiles
 e - 62 stones
 h - 27 arrows
 j - 15 poisoned darts (quivered)
 p - 24 bolts
Armour
 n - a +0 robe (worn)
Jewellery
 i - an uncursed amulet of the acrobat {unknown}
 k - a ring of stealth (left hand)
Scrolls
 f - a scroll of identify {unknown}
 g - a scroll of remove curse {unknown}
 m - a scroll of blinking {unknown}
Potions
 l - a potion of stabbing {unknown}
Comestibles
 o - 2 chunks of flesh
 v - 2 rations


   Skills:
 - Level 1.7 Dodging
 - Level 2.4 Stealth
 - Level 3.2 Spellcasting
 * Level 3.6 Conjurations
   Level 1.0 Summonings
   Level 0.8 Translocations


You had 2 spell levels left.
You knew the following spells:

 Your Spells              Type           Power        Failure   Level  Hunger
a - Conjure Flame         Conj/Fire      #.......     22%         3    ###....
c - Magic Dart            Conj           ###.         3%          1    None
e - Mephitic Cloud        Conj/Pois/Air  #.......     28%         3    ###....

Your spell library contained the following spells:

 Spells                   Type           Power        Failure   Level  Hunger
 Call Imp                 Summ           #.......     16%         2    ##.....
 Slow                     Hex            #.......     24%         2    ##.....
 Blink                    Tloc           Unusable     N/A         2    N/A

Dungeon Overview and Level Annotations

Branches:
Dungeon (2/15)

Altars:


Innate Abilities, Weirdness & Mutations

You cannot be hasted, slowed, berserked, paralysed or teleported.
You can dig through walls and to a lower floor.
Your four strong arms can wield two-handed weapons with a shield.
You have a pair of large antennae on your head. (SInv)


Message History

g - Guard the area. f - Follow me.
Anything else - Cancel.
You shout for attention!
What are your orders? t - Shout!
Orders for allies: a - Attack new target. r - Retreat! s - Stop attacking. g - Guard the area. f - Follow me.
Anything else - Cancel.
You shout for attention!
The worm closely misses you. What are your orders? t - Shout!
Orders for allies: a - Attack new target. r - Retreat! s - Stop attacking. g - Guard the area. f - Follow me.
Anything else - Cancel.
You shout for attention!
The worm bites you!
You die...

#####.#.#.###.##
#######.#.#.# #.#
######...........# #.#
#........####.)#.# #.##
#.........###..#####.##
#......................
#.........####..####.##
#.........# #..# #.##
#.....@w..# #...# #
..................# # #
..........#######..##.##
............ .......
..........### #.##.##
..........# #......
########### #..#.## .# #
.. #


You could see a worm.

Vanquished Creatures
  3 adders (D:2)
  An ooze (D:1)
  A dart slug (D:1)
  2 leopard geckos (D:1)
  7 bats (D:1)
  2 giant cockroaches (D:1)
  5 goblins
  2 hobgoblins
  3 jackals (D:2)
  6 kobolds (D:1)
  A frilled lizard (D:1)
  3 rats (D:1)
36 creatures vanquished.

Notes
Turn   | Place    | Note
-------+----------+-------------------------------------------
     0 | D:1      | DildoBatman the Formicid Wizard began the quest for the
                  | Orb.
     0 | D:1      | Reached XP level 1. HP: 13/13 MP: 4/4
    38 | D:1      | Reached skill level 1 in Conjurations
   333 | D:1      | Reached XP level 2. HP: 16/19 MP: 0/6
   665 | D:1      | Reached XP level 3. HP: 20/24 MP: 0/7
   670 | D:1      | Learned a level 3 spell: Conjure Flame
   674 | D:1      | Learned a level 3 spell: Mephitic Cloud
  1608 | D:2      | Reached XP level 4. HP: 25/30 MP: 5/8
  1765 | D:2      | Slain by a worm

Illustrated notes

Levels and vault maps discovered:
D:1:      dpeg_arrival_refuge, layout_basic, minmay_pentomino_w4
D:2:      layout_basic, uniq_jessica

Skill      XL: |  1  2  3 |
---------------+----------+-----
Conjurations   | 1 2 3 |  3.6
Dodging        | |  1.7
Stealth        | |  2.4
Spellcasting   | |  3.2
Summonings     | |  1.0
Translocations | |  0.8

Action                   |  1- 3 |  4- 6 || total
-------------------------+-------+-------++-------
Melee: Short sword       |    25 |     3 ||    28
Throw: Dart              |     6 |       ||     6
 Cast: Magic Dart        |    65 |    10 ||    75
       Mephitic Cloud    |     1 |       ||     1
 Abil: Dig               |     2 |       ||     2
  Eat: Chunk             |     2 |     1 ||     3
Armor: Robe              |     4 |     4 ||     8
Dodge: Dodged            |    24 |    10 ||    34
